 Dungeon Crawl Stone Soup version 0.23.2-1-ga50397a6bc (webtiles) character file.

Game seed: 5221707425198176397

77 Kobolds4U the Sneak (level 4, -11/22 HPs)
             Began as a Spriggan Assassin on May 30, 2019.
             Killed by divine providence
             ... invoked by an orc priest
              (19 damage)
             ... on level 3 of the Dungeon.
             The game lasted 00:03:25 (1830 turns).

Kobolds4U the Sneak (Spriggan Assassin)             Turns: 1830, Time: 00:03:26

Health: -11/22     AC:  3    Str:  7    XL:     4   Next: 14%
Magic:  5/5        EV: 21    Int: 12    God:
Gold:   140        SH:  0    Dex: 18    Spells: 3/3 levels left

rFire    . . .     SeeInvis +   a - +2 dagger
rCold    . . .     Gourm    .   (shield restricted)
rNeg     . . .     Faith    .   c - +0 robe
rPois    .         Spirit   .   (helmet restricted)
rElec    .         Reflect  .   d - +0 cloak
rCorr    .         Harm     +   (gloves unavailable)
MR       .....                  (boots unavailable)
Stlth    +++.......             i - amulet of harm
HPRegen  0.07/turn              (no ring)
MPRegen  0.09/turn              (no ring)

@: lethally poisoned (-11 -> -20), very quick
A: very small, unfitting armour, see invisible, herbivore, speed 3, slow
metabolism 2
a: no special abilities


You were on level 3 of the Dungeon.
You were not hungry.

You visited 1 branch of the dungeon, and saw 3 of its levels.

You collected 140 gold pieces.

Inventory:

Hand Weapons
 a - a +2 dagger (weapon)
 b - a +0 blowgun
 p - a +0 dagger
Missiles
 e - 8 poisoned needles
 f - 2 curare-tipped needles
 q - 4 tomahawks (quivered)
Armour
 c - a +0 robe (worn)
 d - a +0 cloak (worn)
Jewellery
 i - an amulet of harm (around neck)
Scrolls
 j - 3 scrolls of blinking
 k - 2 scrolls of identify
 l - 2 scrolls of teleportation
 o - a scroll of fear
Potions
 h - a potion of curing {unknown}
 m - a potion of haste {unknown}
 n - a potion of flight {unknown}
 r - a potion of agility {unknown}
Comestibles
 g - 5 rations


   Skills:
 - Level 1.5 Fighting
 + Level 2.2 Short Blades
 - Level 2.0 Throwing
 - Level 5.4 Dodging
 * Level 6.3 Stealth


You had 3 spell levels left.
You didn't know any spells.
Your spell library was empty.

Dungeon Overview and Level Annotations

Branches:
Dungeon (3/15)

Altars:
Fedhas


Innate Abilities, Weirdness & Mutations

You are very small and have problems with some larger weapons.
You are too small for most types of armour.
You have supernaturally acute eyesight. (SInv)
You are a herbivore.
You cover ground extremely quickly.
You need to consume almost no food.


Message History

You closely miss the orc.
The orc hits you with a +1 dagger of venom.
You are lethally poisoned!
The orc shouts!
You hit the orc.
The orc is severely wounded.
You feel sick.
You hear a shout!
The orc misses you.
Unknown command.
You barely miss the orc.
The orc is severely wounded.
You feel sick. The orc closely misses you.
You closely miss the orc.
The orc is severely wounded.
The orc misses you.
The orc priest invokes the aid of Beogh against you.
Beogh smites you!
Ouch! That really hurt!
You die...

.... ....o# #..# #.#
.....#..o.# #.. #.#
.....#...J#.#.. #.# ....
.o.....#.## #.#
.o...#.#....o..# #.#
.###.#.#### #.# #.#
.......o..# #o######.######
.....#.##.###.o....#......#
.###.#.......o.o@..###.####
.###.#..#.#######o.# #.#
.....#..#.# #..###.#
.#####..#.# #......#
.....#..#.# #.######
........#.#######.#
).......#....(....#
..............###.#
........#####.# ###


You could see 2 orc priests and 3 orcs.

Vanquished Creatures
  4 adders (D:2)
  A worm (D:2)
  4 orcs (D:2)
  A ball python (D:2)
  A giant cockroach (D:2)
  3 goblins
  6 hobgoblins
  7 kobolds
  A quokka (D:2)
  A bat (D:1)
  A frilled lizard (D:1)
  5 rats
35 creatures vanquished.

Notes
Turn   | Place    | Note
-------+----------+-------------------------------------------
     0 | D:1      | Kobolds4U the Spriggan Assassin began the quest for the
                  | Orb.
     0 | D:1      | Reached XP level 1. HP: 10/10 MP: 2/2
     7 | D:1      | Reached skill level 6 in Stealth
   316 | D:1      | Reached XP level 2. HP: 14/14 MP: 3/3
   616 | D:2      | Found a blossoming altar of Fedhas.
   968 | D:2      | Reached XP level 3. HP: 18/18 MP: 4/4
  1024 | D:2      | Reached skill level 5 in Dodging
  1353 | D:2      | Reached XP level 4. HP: 13/22 MP: 5/5
  1830 | D:3      | Killed from afar by an orc priest

Skill      XL: |  1  2  3 |
---------------+----------+-----
Stealth        | 6 |  6.3
Dodging        | 2 4 5 |  5.4
Fighting       | |  1.5
Short Blades   | |  2.2
Throwing       | |  2.0

Action                   |  1- 3 |  4- 6 || total
-------------------------+-------+-------++-------
Melee: Dagger            |    78 |    32 ||   110
 Fire: Blowgun           |     3 |       ||     3
  Use: Scroll            |     5 |       ||     5
 Stab: Sleeping          |    12 |     1 ||    13
       Distracted        |     1 |       ||     1
Armor: Robe              |     5 |     2 ||     7
Dodge: Dodged            |    38 |    20 ||    58
